Rampage vs Thunderbirds (R2)

Created - May 8, 2021 at 20:44

Goals
1 2 3 T
Rampage 0 0 2 2
Thunderbirds 2 1 3 6
Shots
1 2 3 T
Rampage 4 9 11 24
Thunderbirds 10 13 11 34

1st period

1. Thunderbirds , Martin Frk 15 (T.J. Tynan 28) at 1:56
2. Thunderbirds , Jujhar Khaira 70 (Patrick Wey 35, Petr Straka 33) at 17:32

Penalties :
Damon Severson (San) for Roughing (Minor) at 2:03, Dylan Sikura (Spr) for Hooking (Minor) at 4:57, Valentin Zykov (Spr) for Holding (Minor) at 12:00

2nd period

3. Thunderbirds , Petr Straka 38 (Brandon Montour 37, Devin Shore 94) at 19:04

Penalties :
Ethan Bear (Spr) for Tripping (Minor) at 7:04, Martin Hanzal (San) for Hooking (Minor) at 10:21, Valentin Zykov (Spr) for Roughing (Minor) at 19:59

3rd period

4. Thunderbirds , Christoffer Ehn 6 (Hudson Fasching 1) at 4:38
5. Rampage , Damon Severson 18 (Max Friberg 43) at 10:06 (PP)
6. Thunderbirds , Petr Straka 39 (Tony DeAngelo 28) at 18:25 (PP)
7. Thunderbirds , Devin Shore 56 (Jujhar Khaira 62, Brandon Montour 38) at 18:55
8. Rampage , Martin Hanzal 35 (Blake Pietila 47, Michael Stone 29) at 19:38

Penalties :
Patrick Wey (Spr) for Tripping (Minor) at 4:51, Ethan Bear (Spr) for Roughing (Minor) at 8:38, Kyle Rau (San) for High sticking (Minor) at 10:52, Valentin Zykov (Spr) for Tripping (Minor) at 13:28, Cameron Darcy (San) for Holding (Minor) at 17:53

Goalie Stats

Laurent Brossoit (San), 28 saves from 34 shots - (0.824), L, 33-17-3, 60:00 minutes
Anders Nilsson (Spr), 22 saves from 24 shots - (0.917), W, 10-4-0, 60:00 minutes

Players Stats for Rampage

Player Name              G  A  P  +/- PIM S  H  SB GA TA FO     MP     PP MP  PK MP  
------------------------------------------------------------------------------------
Alexandre Grenier        0  0  0  -2  0   3  1  1  0  0  2/2    23:15   7:51   3:25 
Anton Karlsson           0  0  0   0  0   0  0  0  0  0  0/0     0:12   0:11   0:00 
Anton Lindholm           0  0  0  -1  0   1  1  0  0  0  0/0    10:28   0:00   0:45 
Austin Wuthrich          0  0  0   0  0   0  3  0  0  0  0/0     2:32   0:11   0:00 
Blake Pietila            0  1  1  -2  0   3  3  1  0  0  1/1    21:33   7:51   1:44 
Cameron Darcy            0  0  0   0  2   1  0  0  0  0  2/3    10:06   0:00   0:00 
Damon Severson           1  0  1   0  2   1  3  0  2  2  0/0    27:10   7:21   2:04 
Dylan Sadowy             0  0  0   0  0   0  0  0  0  0  0/0     0:00   0:00   0:00 
Eric Robinson            0  0  0  -1  0   2  0  0  1  0  0/0     7:01   0:00   0:00 
Fredrik Olofsson         0  0  0   0  0   0  0  0  0  0  0/0     0:00   0:00   0:00 
Jeffrey Foss             0  0  0  -3  0   0  2  1  0  2  0/0    22:05   6:01   3:09 
Joe Morrow               0  0  0  -3  0   1  0  0  0  1  0/0    22:32   6:01   3:30 
Kevin Stenlund           0  0  0   0  0   0  0  0  0  0  0/0     0:00   0:00   0:00 
Kyle Pettit              0  0  0   0  0   0  0  0  0  0  0/0     0:00   0:00   0:00 
Kyle Rau                 0  0  0  -1  2   1  0  1  1  0  3/9    17:11   5:20   0:57 
Lawson Crouse            0  0  0  -1  0   0  4  0  0  0  0/0    17:38   5:20   1:17 
Martin Hanzal            1  0  1  -2  2   3  5  2  0  1  24/40  22:31   8:00   2:27 
Matthew Highmore         0  0  0  -1  0   0  1  0  0  0  2/3     7:18   0:00   0:11 
Max Friberg              0  1  1  -1  0   0  3  1  0  0  2/2    17:43   5:20   1:28 
Michael Stone            0  1  1   0  0   5  1  1  0  2  0/0    28:34   7:21   3:30 
Nolan Vesey              0  0  0   0  0   0  2  1  0  0  0/0    10:07   0:00   0:00 
Thomas Spelling          0  0  0   0  0   3  0  0  0  0  0/0    10:07   0:00   0:00 
Vaclav Karabacek         0  0  0   0  0   0  0  0  0  0  1/1     1:29   0:00   1:29 
Victor Olofsson          0  0  0  -2  0   0  0  0  0  0  0/0    13:52   0:00   0:00 
Zachary Senyshyn         0  0  0   0  0   0  0  0  0  0  0/0     0:03   0:02   0:00 

Players Stats for Thunderbirds

Player Name              G  A  P  +/- PIM S  H  SB GA TA FO     MP     PP MP  PK MP  
------------------------------------------------------------------------------------
Brandon Montour          0  2  2   3  0   1  1  2  1  0  0/0    29:36   3:49   8:20 
Christoffer Ehn          1  0  1   1  0   1  0  0  0  0  7/13   13:13   0:00   7:08 
Devin Shore              1  1  2   2  0   3  1  0  0  0  9/23   21:17   3:27   2:55 
Dylan Sikura             0  0  0   0  2   1  2  0  0  0  0/0     7:46   0:00   0:00 
Ethan Bear               0  0  0   1  4   0  0  1  0  0  0/0    12:04   2:40   0:00 
Hudson Fasching          0  1  1   1  0   2  0  0  0  0  0/1     6:04   0:00   0:00 
Jack Roslovic            0  0  0   0  0   4  0  0  0  0  1/2     7:46   0:00   0:00 
Jacob De La Rose         0  0  0   0  0   0  3  0  1  0  0/3    15:03   0:00   7:09 
Jujhar Khaira            1  1  2   2  0   3  0  0  0  0  2/3    19:23   3:27   0:30 
Martin Frk               1  0  1   1  0   3  0  0  1  1  0/0    13:49   3:27   0:00 
Martin Marincin          0  0  0   0  0   1  4  1  1  1  0/0    20:35   0:00   8:20 
Patrick Wey              0  1  1   3  2   0  3  1  1  0  0/0    23:39   2:40   0:00 
Petr Straka              2  1  3   2  0   6  2  0  3  0  1/2    18:27   3:02   0:00 
Roland McKeown           0  0  0   1  0   1  0  0  0  0  0/0    13:33   0:00   5:02 
Roope Hintz              0  0  0   1  0   3  1  0  0  1  0/1    15:52   0:00   5:17 
T.J. Tynan               0  1  1   1  0   2  2  1  0  0  4/13   18:24   3:02   3:45 
Tony DeAngelo            0  1  1   0  0   2  1  2  0  1  0/0    20:52   3:49   5:02 
Valentin Zykov           0  0  0   1  6   1  2  0  0  0  0/0     9:08   3:02   0:00 

3 Stars

1 - Petr Straka (Spr)
2 - Devin Shore (Spr)
3 - Jujhar Khaira (Spr)

Power Play

Rampage - 1 on 7 Attempt(s) - 14.29%
Thunderbirds - 1 on 4 Attempt(s) - 25.00%

Penalty Kill

Rampage - 3 on 4 Attempt(s) - 75.00% - Score 0 goal in Penalty Kill
Thunderbirds - 6 on 7 Attempt(s) - 85.71% - Score 0 goal in Penalty Kill

Team Stat

Rampage - Hits : 29 - Faceoff Wins : 37 - Blocked Shots : 9 - Penalty Minutes : 8
Thunderbirds - Hits : 22 - Faceoff Wins : 24 - Blocked Shots : 8 - Penalty Minutes : 14

Official

Referees : Unknown
Linesman : Unknown

Game Notes

No Game Note

Finance

Level 1 -- Attendance: 1335 (66.75%) -- Ticket Income $53,400
Level 2 -- Attendance: 636 (63.60%) -- Ticket Income $12,720
Total Attendance: 1971 (65.70%)
Total Ticket Income: $66,120
Other Income: $3,306
Total Income: $69,426

Rampage

5 vs 5 Forward 
   Center                   Left Wing                Right Wing               Time % Phy DF OF 
 1 Martin Hanzal            Blake Pietila            Alexandre Grenier        40     1   2  2  
 2 Kyle Rau                 Lawson Crouse            Max Friberg              30     1   2  2  
 3 Cameron Darcy            Nolan Vesey              Thomas Spelling          20     1   2  2  
 4 Matthew Highmore         Eric Robinson            Victor Olofsson          10     1   2  2  

5 vs 5 Defense 
   Defense                  Defense                                           Time % Phy DF OF 
 1 Damon Severson           Michael Stone                                     40     1   2  2  
 2 Jeffrey Foss             Joe Morrow                                        30     1   2  2  
 3 Anton Lindholm           Victor Olofsson                                   20     1   2  2  
 4 Damon Severson           Michael Stone                                     10     1   2  2  

PowerPlay Forward 
   Center                   Left Wing                Right Wing               Time % Phy DF OF 
 1 Martin Hanzal            Blake Pietila            Alexandre Grenier        60     1   2  2  
 2 Kyle Rau                 Lawson Crouse            Max Friberg              40     1   2  2  

PowerPlay Defense
   Defense                  Defense                                           Time % Phy DF OF 
 1 Damon Severson           Michael Stone                                     60     1   2  2  
 2 Jeffrey Foss             Joe Morrow                                        40     1   2  2  

Penalty Kill 4 Players Forward 
   Center                   Wing                     Time % Phy DF OF 
 1 Martin Hanzal            Alexandre Grenier        60     1   2  2  
 2 Blake Pietila            Max Friberg              40     1   2  2  

Penalty Kill 4 Players Defense
   Defense                  Defense                  Time % Phy DF OF 
 1 Damon Severson           Michael Stone            60     1   2  2  
 2 Jeffrey Foss             Joe Morrow               40     1   2  2  

Penalty Kill - 3 Players Forward 
   Forward                                           Time % Phy DF OF 
 1 Martin Hanzal                                     60     1   2  2  
 2 Alexandre Grenier                                 40     1   2  2  

Penalty Kill - 3 Players Defense
   Defense                  Defense                  Time % Phy DF OF 
 1 Damon Severson           Michael Stone            60     1   2  2  
 2 Jeffrey Foss             Joe Morrow               40     1   2  2  

4 vs 4 Forward 
   Center                   Wing                     Time % Phy DF OF 
 1 Martin Hanzal            Alexandre Grenier        60     1   2  2  
 2 Blake Pietila            Max Friberg              40     1   2  2  

4 vs 4 Defense
   Defense                  Defense                  Time % Phy DF OF 
 1 Damon Severson           Michael Stone            60     1   2  2  
 2 Jeffrey Foss             Joe Morrow               40     1   2  2  

Last Minutes Offensive
   Center                   Left Wing                Right Wing               Defense                  Defense                  
   Martin Hanzal            Blake Pietila            Alexandre Grenier        Damon Severson           Michael Stone            

Last Minutes Defensive
   Center                   Left Wing                Right Wing               Defense                  Defense                  
   Martin Hanzal            Blake Pietila            Alexandre Grenier        Damon Severson           Michael Stone            

Goaltenders
Starting : Laurent Brossoit         
Backup : Ebbe Siönäs              

Extra Forwards
Normal : Austin Wuthrich, Anton Karlsson, Vaclav Karabacek - PP : Austin Wuthrich, Anton Karlsson - PK : Vaclav Karabacek
Extra Defensemen
Normal : Anton Lindholm, Jeffrey Foss, Joe Morrow - PP : Anton Lindholm - PK : Jeffrey Foss, Joe Morrow
Penalty Shots
Martin Hanzal, Alexandre Grenier, Blake Pietila, Max Friberg, Kyle Rau

Scratches
Jakub Zboril (Bruised Left Foot Injury), Louis Belpedio (Healthy)

Thunderbirds

5 vs 5 Forward 
   Center                   Left Wing                Right Wing               Time % Phy DF OF 
 1 Devin Shore              Jujhar Khaira            Petr Straka              40     1   2  2  
 2 T.J. Tynan               Roope Hintz              Martin Frk               30     1   2  2  
 3 Jack Roslovic            Jacob De La Rose         Dylan Sikura             20     1   2  2  
 4 Christoffer Ehn          Valentin Zykov           Hudson Fasching          10     1   2  2  

5 vs 5 Defense 
   Defense                  Defense                                           Time % Phy DF OF 
 1 Patrick Wey              Brandon Montour                                   40     1   2  2  
 2 Martin Marincin          Tony DeAngelo                                     30     1   2  2  
 3 Roland McKeown           Ethan Bear                                        20     1   2  2  
 4 Patrick Wey              Martin Marincin                                   10     1   2  2  

PowerPlay Forward 
   Center                   Left Wing                Right Wing               Time % Phy DF OF 
 1 Devin Shore              Jujhar Khaira            Martin Frk               60     1   2  2  
 2 T.J. Tynan               Valentin Zykov           Petr Straka              40     1   2  2  

PowerPlay Defense
   Defense                  Defense                                           Time % Phy DF OF 
 1 Brandon Montour          Tony DeAngelo                                     60     1   2  2  
 2 Patrick Wey              Ethan Bear                                        40     1   2  2  

Penalty Kill 4 Players Forward 
   Center                   Wing                     Time % Phy DF OF 
 1 Christoffer Ehn          Jacob De La Rose         60     1   2  2  
 2 T.J. Tynan               Roope Hintz              40     1   2  2  

Penalty Kill 4 Players Defense
   Defense                  Defense                  Time % Phy DF OF 
 1 Martin Marincin          Brandon Montour          60     1   2  2  
 2 Tony DeAngelo            Roland McKeown           40     1   2  2  

Penalty Kill - 3 Players Forward 
   Forward                                           Time % Phy DF OF 
 1 Christoffer Ehn                                   60     1   2  2  
 2 Jacob De La Rose                                  40     1   2  2  

Penalty Kill - 3 Players Defense
   Defense                  Defense                  Time % Phy DF OF 
 1 Roland McKeown           Martin Marincin          60     1   2  2  
 2 Brandon Montour          Tony DeAngelo            40     1   2  2  

4 vs 4 Forward 
   Center                   Wing                     Time % Phy DF OF 
 1 Devin Shore              Jujhar Khaira            60     1   2  2  
 2 T.J. Tynan               Petr Straka              40     1   2  2  

4 vs 4 Defense
   Defense                  Defense                  Time % Phy DF OF 
 1 Patrick Wey              Martin Marincin          60     1   2  2  
 2 Brandon Montour          Tony DeAngelo            40     1   2  2  

Last Minutes Offensive
   Center                   Left Wing                Right Wing               Defense                  Defense                  
   Devin Shore              Jujhar Khaira            Petr Straka              Patrick Wey              Tony DeAngelo            

Last Minutes Defensive
   Center                   Left Wing                Right Wing               Defense                  Defense                  
   Christoffer Ehn          Jacob De La Rose         Dylan Sikura             Brandon Montour          Martin Marincin          

Goaltenders
Starting : Anders Nilsson           
Backup : Joonas Korpisalo         

Extra Forwards
Normal : T.J. Tynan, Valentin Zykov, Jack Roslovic - PP : T.J. Tynan, Valentin Zykov - PK : Devin Shore
Extra Defensemen
Normal : Roland McKeown, Ethan Bear, Brandon Montour - PP : Roland McKeown - PK : Ethan Bear, Brandon Montour
Penalty Shots
Jack Roslovic, Devin Shore, Petr Straka, T.J. Tynan, Roope Hintz

Scratches
Timo Meier (Lacerated Left Calf Injury), Alan Quine (Healthy), Collin Miller (Healthy), Scott Wilson (Healthy), Adam Clendening (Healthy)
Nikita Nesterov (Healthy), Eamon McAdam (Healthy)

% Time on Ice - Rampage

Lines # - Real PCT - Wanted PCT - Time Play
Normal Forward
1 - 30% - 40% - 12:06
2 - 27% - 30% - 10:55
3 - 25% - 20% - 10:07
4 - 17% - 10% - 7:01
Normal Defense
1 - 42% - 40% - 16:50
2 - 32% - 30% - 12:55
3 - 24% - 20% - 9:31
4 - 2% - 10% - 0:53
PP Forward
1 - 60% - 60% - 8:02
2 - 40% - 40% - 5:20
PP Defense
1 - 55% - 60% - 7:21
2 - 45% - 40% - 6:01
PK Forward
1 - 77% - 60% - 5:01
2 - 23% - 40% - 1:28
PK Defense
1 - 57% - 60% - 3:42
2 - 43% - 40% - 2:47
PK3 Forward
1 - 0% - 60%
2 - 0% - 40%
PK3 Defense
1 - 0% - 60%
2 - 0% - 40%
44 Forward
1 - 0% - 60%
2 - 0% - 40%
44 Defense
1 - 0% - 60%
2 - 0% - 40%
Last Minute Offensive  - 0:00
Last Minute Defensive  - 0:00
Total
Forward - 60:00
Defense - 60:00

% Time on Ice - Thunderbirds

Lines # - Real PCT - Wanted PCT - Time Play
Normal Forward
1 - 39% - 40% - 15:49
2 - 26% - 30% - 10:30
3 - 19% - 20% - 7:46
4 - 15% - 10% - 6:04
Normal Defense
1 - 44% - 40% - 17:52
2 - 30% - 30% - 12:01
3 - 19% - 20% - 7:28
4 - 7% - 10% - 2:48
PP Forward
1 - 53% - 60% - 3:27
2 - 47% - 40% - 3:02
PP Defense
1 - 59% - 60% - 3:49
2 - 41% - 40% - 2:40
PK Forward
1 - 72% - 60% - 9:37
2 - 28% - 40% - 3:45
PK Defense
1 - 62% - 60% - 8:20
2 - 38% - 40% - 5:02
PK3 Forward
1 - 0% - 60%
2 - 0% - 40%
PK3 Defense
1 - 0% - 60%
2 - 0% - 40%
44 Forward
1 - 0% - 60%
2 - 0% - 40%
44 Defense
1 - 0% - 60%
2 - 0% - 40%
Last Minute Offensive  - 0:00
Last Minute Defensive  - 0:00
Total
Forward - 60:00
Defense - 60:00

Play-by-Play

1st period


0:01 of 1st period - Martin Hanzal wins face-off versus Devin Shore in neutral zone.
1:56 of 1st period - Snap shot by Martin Frk.
1:56 of 1st period - Goal by Martin Frk - Rampage : 0 - Thunderbirds : 1.
1:57 of 1st period - Devin Shore wins face-off versus Martin Hanzal in neutral zone.
2:03 of 1st period - Minor Penalty to Damon Severson for Roughing.
2:04 of 1st period - Martin Hanzal wins face-off versus Devin Shore in Rampage zone.
3:45 of 1st period - Michael Stone is hit by Valentin Zykov and loses puck.
4:03 of 1st period - Penalty to Damon Severson is over, Damon Severson is back on ice.
4:17 of 1st period - Patrick Wey is hit by Nolan Vesey and loses puck.
4:38 of 1st period - Wrist shot by Roope Hintz.
4:38 of 1st period - Stopped by Laurent Brossoit with a rebound.
4:40 of 1st period - Snap shot by Hudson Fasching.
4:40 of 1st period - Stopped by Laurent Brossoit without a rebound.
4:41 of 1st period - Jack Roslovic wins face-off versus Kyle Rau in Rampage zone.
4:57 of 1st period - Minor Penalty to Dylan Sikura for Hooking.
4:58 of 1st period - Christoffer Ehn wins face-off versus Martin Hanzal in Thunderbirds zone.
5:09 of 1st period - Snap shot by Alexandre Grenier.
5:09 of 1st period - Stopped by Anders Nilsson without a rebound.
5:10 of 1st period - Christoffer Ehn wins face-off versus Martin Hanzal in Thunderbirds zone.
6:00 of 1st period - Tony DeAngelo is hit by Martin Hanzal and loses puck.
6:11 of 1st period - Michael Stone is hit by T.J. Tynan.
6:39 of 1st period - Tony DeAngelo is hit by Damon Severson and loses puck.
6:57 of 1st period - Penalty to Dylan Sikura is over, Dylan Sikura is back on ice.
7:04 of 1st period - Petr Straka is hit by Jeffrey Foss and loses puck.
8:02 of 1st period - Blake Pietila is hit by Martin Marincin and loses puck.
8:17 of 1st period - Martin Frk is hit by Lawson Crouse and loses puck.
9:31 of 1st period - Patrick Wey is hit by Alexandre Grenier.
9:41 of 1st period - Jujhar Khaira is hit by Michael Stone.
9:58 of 1st period - Tony DeAngelo is hit by Austin Wuthrich and loses puck.
10:07 of 1st period - T.J. Tynan is hit by Austin Wuthrich and loses puck.
10:20 of 1st period - Max Friberg is hit by Brandon Montour and loses puck.
10:27 of 1st period - Wrist shot by Jack Roslovic.
10:27 of 1st period - Stopped by Laurent Brossoit with a rebound.
10:29 of 1st period - Slapshot by Jacob De La Rose.
10:29 of 1st period - Shot Blocked by Max Friberg.
10:43 of 1st period - Cameron Darcy is hit by Petr Straka and loses puck.
11:00 of 1st period - Icing by Martin Hanzal.
11:01 of 1st period - Martin Hanzal wins face-off versus T.J. Tynan in Rampage zone.
11:34 of 1st period - Devin Shore is hit by Max Friberg and loses puck.
11:51 of 1st period - Slapshot by Valentin Zykov.
11:51 of 1st period - Stopped by Laurent Brossoit with a rebound.
12:00 of 1st period - Minor Penalty to Valentin Zykov for Holding.
12:01 of 1st period - Alexandre Grenier wins face-off versus Christoffer Ehn in Thunderbirds zone.
12:02 of 1st period - Wrist shot by Blake Pietila.
12:02 of 1st period - Stopped by Anders Nilsson without a rebound.
12:03 of 1st period - Martin Hanzal wins face-off versus Christoffer Ehn in Thunderbirds zone.
13:55 of 1st period - Devin Shore is hit by Blake Pietila and loses puck.
14:00 of 1st period - Penalty to Valentin Zykov is over, Valentin Zykov is back on ice.
14:31 of 1st period - Slapshot by Joe Morrow.
14:31 of 1st period - Stopped by Anders Nilsson with a rebound.
15:20 of 1st period - Anton Lindholm is hit by Jacob De La Rose and loses puck.
16:08 of 1st period - Blake Pietila is hit by Martin Marincin and loses puck.
16:30 of 1st period - Slapshot by Tony DeAngelo.
16:30 of 1st period - Stopped by Laurent Brossoit without a rebound.
16:31 of 1st period - T.J. Tynan wins face-off versus Kyle Rau in Rampage zone.
16:55 of 1st period - Icing by Patrick Wey.
16:56 of 1st period - Devin Shore wins face-off versus Martin Hanzal in Thunderbirds zone.
17:01 of 1st period - Tony DeAngelo is hit by Martin Hanzal and loses puck.
17:18 of 1st period - Wrist shot by Petr Straka.
17:18 of 1st period - Stopped by Laurent Brossoit with a rebound.
17:20 of 1st period - Snap shot by Devin Shore.
17:20 of 1st period - Shot Misses the Net.
17:22 of 1st period - Slapshot by Petr Straka.
17:22 of 1st period - Shot Misses the Net.
17:24 of 1st period - Snap shot by Devin Shore.
17:24 of 1st period - Shot Hit the Post.
17:26 of 1st period - Snap shot by Petr Straka.
17:26 of 1st period - Shot Blocked by Blake Pietila.
17:28 of 1st period - Slapshot by Brandon Montour.
17:28 of 1st period - Deflect By Petr Straka.
17:28 of 1st period - Stopped by Laurent Brossoit with a rebound.
17:30 of 1st period - Wrist shot by Jujhar Khaira.
17:30 of 1st period - Shot Misses the Net.
17:32 of 1st period - Slapshot by Patrick Wey.
17:32 of 1st period - Deflect By Jujhar Khaira.
17:32 of 1st period - Goal by Jujhar Khaira - Rampage : 0 - Thunderbirds : 2.
17:33 of 1st period - Max Friberg wins face-off versus Roope Hintz in neutral zone.
18:24 of 1st period - Wrist shot by Kyle Rau.
18:24 of 1st period - Shot Misses the Net.
18:31 of 1st period - Icing by Martin Frk.
18:32 of 1st period - T.J. Tynan wins face-off versus Martin Hanzal in Thunderbirds zone.
19:00 of 1st period - Snap shot by Brandon Montour.
19:00 of 1st period - Deflect By T.J. Tynan.
19:00 of 1st period - Stopped by Laurent Brossoit with a rebound.
19:06 of 1st period - Snap shot by Thomas Spelling.
19:06 of 1st period - Stopped by Anders Nilsson with a rebound.
Goals for this period are 0 for Rampage vs 2 for Thunderbirds.
Shots for this period are 4 for Rampage vs 10 for Thunderbirds.

2nd period


0:01 of 2nd period - Martin Hanzal wins face-off versus Devin Shore in neutral zone.
0:14 of 2nd period - Snap shot by Martin Hanzal.
0:14 of 2nd period - Stopped by Anders Nilsson with a rebound.
0:16 of 2nd period - Slapshot by Michael Stone.
0:16 of 2nd period - Stopped by Anders Nilsson without a rebound.
0:17 of 2nd period - T.J. Tynan wins face-off versus Kyle Rau in Thunderbirds zone.
0:17 of 2nd period - T.J. Tynan is hit by Max Friberg.
0:23 of 2nd period - Snap shot by Martin Marincin.
0:23 of 2nd period - Shot Misses the Net.
0:25 of 2nd period - Wrist shot by Martin Frk.
0:25 of 2nd period - Deflect By T.J. Tynan.
0:25 of 2nd period - Shot Misses the Net.
0:25 of 2nd period - Puck is out of play.
0:26 of 2nd period - Max Friberg wins face-off versus T.J. Tynan in Rampage zone.
0:26 of 2nd period - Max Friberg is hit by Roope Hintz.
0:47 of 2nd period - Off-side.
0:48 of 2nd period - Martin Hanzal wins face-off versus Devin Shore in neutral zone.
1:19 of 2nd period - Slapshot by Jack Roslovic.
1:19 of 2nd period - Stopped by Laurent Brossoit with a rebound.
1:29 of 2nd period - Max Friberg is hit by Patrick Wey and loses puck.
1:57 of 2nd period - Icing by Tony DeAngelo.
1:58 of 2nd period - Martin Hanzal wins face-off versus Christoffer Ehn in Thunderbirds zone.
2:40 of 2nd period - Roland McKeown is hit by Max Friberg and loses puck.
2:53 of 2nd period - Wrist shot by Martin Frk.
2:53 of 2nd period - Stopped by Laurent Brossoit with a rebound.
2:55 of 2nd period - Snap shot by Martin Frk.
2:55 of 2nd period - Stopped by Laurent Brossoit with a rebound.
3:17 of 2nd period - Snap shot by Blake Pietila.
3:17 of 2nd period - Shot Misses the Net.
3:31 of 2nd period - Max Friberg is hit by Valentin Zykov and loses puck.
3:59 of 2nd period - Slapshot by Thomas Spelling.
3:59 of 2nd period - Deflect By Nolan Vesey.
3:59 of 2nd period - Shot Blocked by Tony DeAngelo.
3:59 of 2nd period - Puck is out of play.
4:00 of 2nd period - Devin Shore wins face-off versus Cameron Darcy in Thunderbirds zone.
4:25 of 2nd period - Wrist shot by Blake Pietila.
4:25 of 2nd period - Shot Misses the Net.
4:27 of 2nd period - Snap shot by Martin Hanzal.
4:27 of 2nd period - Deflect By Dylan Sikura.
4:27 of 2nd period - Stopped by Anders Nilsson with a rebound.
4:29 of 2nd period - Wrist shot by Blake Pietila.
4:29 of 2nd period - Shot Blocked by Tony DeAngelo.
4:37 of 2nd period - Snap shot by Martin Hanzal.
4:37 of 2nd period - Shot Misses the Net.
4:39 of 2nd period - Slapshot by Michael Stone.
4:39 of 2nd period - Stopped by Anders Nilsson with a rebound.
4:51 of 2nd period - Joe Morrow is hit by Martin Marincin and loses puck.
6:09 of 2nd period - Off-side.
6:10 of 2nd period - Kyle Rau wins face-off versus T.J. Tynan in neutral zone.
7:04 of 2nd period - Minor Penalty to Ethan Bear for Tripping.
7:05 of 2nd period - Martin Hanzal wins face-off versus Jacob De La Rose in Thunderbirds zone.
9:04 of 2nd period - Penalty to Ethan Bear is over, Ethan Bear is back on ice.
9:20 of 2nd period - Petr Straka is hit by Matthew Highmore and loses puck.
9:29 of 2nd period - Slapshot by Victor Olofsson.
9:29 of 2nd period - Deflect By Eric Robinson.
9:29 of 2nd period - Stopped by Anders Nilsson without a rebound.
9:30 of 2nd period - Cameron Darcy wins face-off versus Christoffer Ehn in Thunderbirds zone.
9:31 of 2nd period - Snap shot by Thomas Spelling.
9:31 of 2nd period - Deflect By Cameron Darcy.
9:31 of 2nd period - Stopped by Anders Nilsson with a rebound.
10:01 of 2nd period - Off-side.
10:02 of 2nd period - Martin Hanzal wins face-off versus Devin Shore in neutral zone.
10:21 of 2nd period - Minor Penalty to Martin Hanzal for Hooking.
10:22 of 2nd period - Vaclav Karabacek wins face-off versus Devin Shore in Rampage zone.
11:14 of 2nd period - Devin Shore is hit by Damon Severson.
12:21 of 2nd period - Penalty to Martin Hanzal is over, Martin Hanzal is back on ice.
12:29 of 2nd period - Off-side.
12:30 of 2nd period - Cameron Darcy wins face-off versus Jack Roslovic in neutral zone.
12:30 of 2nd period - Thomas Spelling is hit by Dylan Sikura and loses puck.
12:39 of 2nd period - Slapshot by Thomas Spelling.
12:39 of 2nd period - Shot Misses the Net.
12:59 of 2nd period - Wrist shot by Alexandre Grenier.
12:59 of 2nd period - Stopped by Anders Nilsson without a rebound.
13:00 of 2nd period - Martin Hanzal wins face-off versus Christoffer Ehn in Thunderbirds zone.
13:01 of 2nd period - Slapshot by Alexandre Grenier.
13:01 of 2nd period - Deflect By Blake Pietila.
13:01 of 2nd period - Stopped by Anders Nilsson without a rebound.
13:02 of 2nd period - Jujhar Khaira wins face-off versus Martin Hanzal in Thunderbirds zone.
13:11 of 2nd period - Brandon Montour is hit by Martin Hanzal and loses puck.
13:32 of 2nd period - Snap shot by Martin Frk.
13:32 of 2nd period - Shot Misses the Net.
13:52 of 2nd period - Snap shot by Tony DeAngelo.
13:52 of 2nd period - Shot Misses the Net.
13:54 of 2nd period - Wrist shot by Jacob De La Rose.
13:54 of 2nd period - Shot Misses the Net.
13:56 of 2nd period - Slapshot by Martin Marincin.
13:56 of 2nd period - Deflect By Joe Morrow.
13:56 of 2nd period - Stopped by Laurent Brossoit with a rebound.
13:58 of 2nd period - Wrist shot by Tony DeAngelo.
13:58 of 2nd period - Deflect By Jack Roslovic.
13:58 of 2nd period - Stopped by Laurent Brossoit with a rebound.
14:00 of 2nd period - Snap shot by Jack Roslovic.
14:00 of 2nd period - Stopped by Laurent Brossoit with a rebound.
14:58 of 2nd period - Wrist shot by Roope Hintz.
14:58 of 2nd period - Shot Blocked by Nolan Vesey.
15:00 of 2nd period - Slapshot by Roland McKeown.
15:00 of 2nd period - Stopped by Laurent Brossoit with a rebound.
15:02 of 2nd period - Wrist shot by Roope Hintz.
15:02 of 2nd period - Stopped by Laurent Brossoit with a rebound.
15:14 of 2nd period - Martin Hanzal is hit by Dylan Sikura and loses puck.
15:19 of 2nd period - Wrist shot by Dylan Sikura.
15:19 of 2nd period - Stopped by Laurent Brossoit without a rebound.
15:20 of 2nd period - Martin Hanzal wins face-off versus Devin Shore in Rampage zone.
15:29 of 2nd period - Wrist shot by Martin Hanzal.
15:29 of 2nd period - Deflect By Alexandre Grenier.
15:29 of 2nd period - Shot Blocked by Brandon Montour.
15:29 of 2nd period - Puck is out of play.
15:30 of 2nd period - Petr Straka wins face-off versus Martin Hanzal in Thunderbirds zone.
15:49 of 2nd period - Victor Olofsson is hit by Patrick Wey and loses puck.
16:09 of 2nd period - Wrist shot by Petr Straka.
16:09 of 2nd period - Deflect By Devin Shore.
16:09 of 2nd period - Shot Blocked by Martin Hanzal.
16:09 of 2nd period - Puck is out of play.
16:10 of 2nd period - Kyle Rau wins face-off versus T.J. Tynan in Rampage zone.
16:20 of 2nd period - Slapshot by Patrick Wey.
16:20 of 2nd period - Shot Blocked by Michael Stone.
17:02 of 2nd period - Icing by Petr Straka.
17:03 of 2nd period - Devin Shore wins face-off versus Matthew Highmore in Thunderbirds zone.
17:34 of 2nd period - Eric Robinson is hit by Petr Straka and loses puck.
17:43 of 2nd period - Wrist shot by Devin Shore.
17:43 of 2nd period - Stopped by Laurent Brossoit with a rebound.
17:48 of 2nd period - Snap shot by Jujhar Khaira.
17:48 of 2nd period - Shot Misses the Net.
18:54 of 2nd period - Wrist shot by Petr Straka.
18:54 of 2nd period - Stopped by Laurent Brossoit with a rebound.
18:56 of 2nd period - Snap shot by Devin Shore.
18:56 of 2nd period - Shot Misses the Net.
18:58 of 2nd period - Wrist shot by Jujhar Khaira.
18:58 of 2nd period - Shot Misses the Net.
19:00 of 2nd period - Snap shot by Devin Shore.
19:00 of 2nd period - Stopped by Laurent Brossoit with a rebound.
19:02 of 2nd period - Slapshot by Brandon Montour.
19:02 of 2nd period - Shot Blocked by Jeffrey Foss.
19:04 of 2nd period - Wrist shot by Petr Straka.
19:04 of 2nd period - Goal by Petr Straka - Rampage : 0 - Thunderbirds : 3.
19:05 of 2nd period - Martin Hanzal wins face-off versus T.J. Tynan in neutral zone.
19:18 of 2nd period - Blake Pietila is hit by Tony DeAngelo and loses puck.
19:56 of 2nd period - Snap shot by Kyle Rau.
19:56 of 2nd period - Stopped by Anders Nilsson without a rebound.
19:57 of 2nd period - Christoffer Ehn wins face-off versus Kyle Rau in Thunderbirds zone.
19:59 of 2nd period - Minor Penalty to Valentin Zykov for Roughing.
Goals for this period are 0 for Rampage vs 1 for Thunderbirds.
Shots for this period are 9 for Rampage vs 13 for Thunderbirds.
Goals for this period are 0 for Rampage vs 1 for Thunderbirds.
Shots for this period are 9 for Rampage vs 13 for Thunderbirds.

3rd period


0:01 of 3rd period - Martin Hanzal wins face-off versus Jacob De La Rose in neutral zone.
0:08 of 3rd period - Snap shot by Alexandre Grenier.
0:08 of 3rd period - Shot Misses the Net.
1:46 of 3rd period - Max Friberg is hit by Jacob De La Rose and loses puck.
1:59 of 3rd period - Penalty to Valentin Zykov is over, Valentin Zykov is back on ice.
2:54 of 3rd period - Icing by Christoffer Ehn.
2:55 of 3rd period - Matthew Highmore wins face-off versus Christoffer Ehn in Thunderbirds zone.
2:58 of 3rd period - Wrist shot by Eric Robinson.
2:58 of 3rd period - Stopped by Anders Nilsson with a rebound.
3:20 of 3rd period - Wrist shot by Thomas Spelling.
3:20 of 3rd period - Stopped by Anders Nilsson without a rebound.
3:21 of 3rd period - T.J. Tynan wins face-off versus Kyle Rau in Thunderbirds zone.
3:21 of 3rd period - T.J. Tynan is hit by Lawson Crouse.
3:27 of 3rd period - Slapshot by Tony DeAngelo.
3:27 of 3rd period - Shot Blocked by Kyle Rau.
3:46 of 3rd period - Wrist shot by Nolan Vesey.
3:46 of 3rd period - Shot Hit the Post.
3:56 of 3rd period - Snap shot by Thomas Spelling.
3:56 of 3rd period - Shot Misses the Net.
3:58 of 3rd period - Wrist shot by Thomas Spelling.
3:58 of 3rd period - Stopped by Anders Nilsson with a rebound.
4:16 of 3rd period - Wrist shot by Jujhar Khaira.
4:16 of 3rd period - Stopped by Laurent Brossoit with a rebound.
4:18 of 3rd period - Wrist shot by Petr Straka.
4:18 of 3rd period - Stopped by Laurent Brossoit with a rebound.
4:32 of 3rd period - Snap shot by Hudson Fasching.
4:32 of 3rd period - Stopped by Laurent Brossoit without a rebound.
4:33 of 3rd period - Christoffer Ehn wins face-off versus Kyle Rau in Rampage zone.
4:36 of 3rd period - Wrist shot by Hudson Fasching.
4:36 of 3rd period - Shot Misses the Net.
4:38 of 3rd period - Wrist shot by Christoffer Ehn.
4:38 of 3rd period - Goal by Christoffer Ehn - Rampage : 0 - Thunderbirds : 4.
4:39 of 3rd period - Devin Shore wins face-off versus Martin Hanzal in neutral zone.
4:43 of 3rd period - Brandon Montour is hit by Damon Severson and loses puck.
4:51 of 3rd period - Minor Penalty to Patrick Wey for Tripping.
4:52 of 3rd period - Christoffer Ehn wins face-off versus Martin Hanzal in Thunderbirds zone.
6:12 of 3rd period - Alexandre Grenier is hit by Martin Marincin and loses puck.
6:51 of 3rd period - Penalty to Patrick Wey is over, Patrick Wey is back on ice.
7:43 of 3rd period - Kyle Rau is hit by Patrick Wey and loses puck.
8:10 of 3rd period - Jujhar Khaira is hit by Jeffrey Foss and loses puck.
8:28 of 3rd period - Slapshot by Kyle Rau.
8:28 of 3rd period - Shot Blocked by Ethan Bear.
8:30 of 3rd period - Slapshot by Anton Lindholm.
8:30 of 3rd period - Stopped by Anders Nilsson without a rebound.
8:31 of 3rd period - Martin Hanzal wins face-off versus Hudson Fasching in Thunderbirds zone.
8:36 of 3rd period - Wrist shot by Martin Hanzal.
8:36 of 3rd period - Shot Misses the Net.
8:38 of 3rd period - Minor Penalty to Ethan Bear for Roughing.
8:39 of 3rd period - Christoffer Ehn wins face-off versus Martin Hanzal in Thunderbirds zone.
8:39 of 3rd period - Christoffer Ehn is hit by Blake Pietila.
9:11 of 3rd period - Slapshot by Tony DeAngelo.
9:11 of 3rd period - Deflect By Damon Severson.
9:11 of 3rd period - Stopped by Laurent Brossoit without a rebound.
9:12 of 3rd period - Martin Hanzal wins face-off versus T.J. Tynan in Rampage zone.
9:44 of 3rd period - Off-side.
9:45 of 3rd period - Martin Hanzal wins face-off versus T.J. Tynan in neutral zone.
10:06 of 3rd period - Slapshot by Damon Severson.
10:06 of 3rd period - Goal by Damon Severson - Rampage : 1 - Thunderbirds : 4.
10:07 of 3rd period - Jujhar Khaira wins face-off versus Martin Hanzal in neutral zone.
10:10 of 3rd period - Damon Severson is hit by Devin Shore.
10:22 of 3rd period - Slapshot by Blake Pietila.
10:22 of 3rd period - Shot Misses the Net.
10:40 of 3rd period - Slapshot by T.J. Tynan.
10:40 of 3rd period - Shot Misses the Net.
10:42 of 3rd period - Wrist shot by T.J. Tynan.
10:42 of 3rd period - Stopped by Laurent Brossoit with a rebound.
10:52 of 3rd period - Minor Penalty to Kyle Rau for High sticking.
10:53 of 3rd period - Devin Shore wins face-off versus Martin Hanzal in Rampage zone.
10:54 of 3rd period - Snap shot by Jujhar Khaira.
10:54 of 3rd period - Shot Blocked by Alexandre Grenier.
10:56 of 3rd period - Snap shot by Jujhar Khaira.
10:56 of 3rd period - Stopped by Laurent Brossoit without a rebound.
10:57 of 3rd period - Alexandre Grenier wins face-off versus Devin Shore in Rampage zone.
12:16 of 3rd period - Ethan Bear is hit by Blake Pietila and loses puck.
12:41 of 3rd period - T.J. Tynan is hit by Lawson Crouse and loses puck.
12:48 of 3rd period - Snap shot by Lawson Crouse.
12:48 of 3rd period - Shot Misses the Net.
12:51 of 3rd period - Icing by Valentin Zykov.
12:52 of 3rd period - Penalty to Kyle Rau is over, Kyle Rau is back on ice.
12:52 of 3rd period - Kyle Rau wins face-off versus T.J. Tynan in Thunderbirds zone.
13:05 of 3rd period - Snap shot by Nolan Vesey.
13:05 of 3rd period - Shot Misses the Net.
13:28 of 3rd period - Minor Penalty to Valentin Zykov for Tripping.
13:29 of 3rd period - Christoffer Ehn wins face-off versus Martin Hanzal in Thunderbirds zone.
13:38 of 3rd period - Wrist shot by Damon Severson.
13:38 of 3rd period - Deflect By Alexandre Grenier.
13:38 of 3rd period - Shot Misses the Net.
13:38 of 3rd period - Puck is out of play.
13:39 of 3rd period - Martin Hanzal wins face-off versus Jacob De La Rose in Thunderbirds zone.
13:48 of 3rd period - Slapshot by Martin Hanzal.
13:48 of 3rd period - Shot Misses the Net.
13:50 of 3rd period - Wrist shot by Michael Stone.
13:50 of 3rd period - Stopped by Anders Nilsson with a rebound.
13:52 of 3rd period - Slapshot by Alexandre Grenier.
13:52 of 3rd period - Shot Blocked by Martin Marincin.
13:58 of 3rd period - Slapshot by Martin Hanzal.
13:58 of 3rd period - Shot Blocked by Brandon Montour.
14:00 of 3rd period - Slapshot by Martin Hanzal.
14:00 of 3rd period - Shot Misses the Net.
14:02 of 3rd period - Slapshot by Michael Stone.
14:02 of 3rd period - Shot Misses the Net.
14:37 of 3rd period - Slapshot by Alexandre Grenier.
14:37 of 3rd period - Shot Misses the Net.
14:39 of 3rd period - Slapshot by Michael Stone.
14:39 of 3rd period - Stopped by Anders Nilsson with a rebound.
14:43 of 3rd period - Backhand shot by Martin Hanzal.
14:43 of 3rd period - Shot Misses the Net.
14:45 of 3rd period - Slapshot by Michael Stone.
14:45 of 3rd period - Shot Blocked by T.J. Tynan.
15:28 of 3rd period - Penalty to Valentin Zykov is over, Valentin Zykov is back on ice.
16:08 of 3rd period - Valentin Zykov is hit by Anton Lindholm.
16:32 of 3rd period - Jeffrey Foss is hit by Jacob De La Rose.
17:04 of 3rd period - Snap shot by Roope Hintz.
17:04 of 3rd period - Stopped by Laurent Brossoit without a rebound.
17:05 of 3rd period - Matthew Highmore wins face-off versus T.J. Tynan in Rampage zone.
17:05 of 3rd period - Matthew Highmore is hit by T.J. Tynan.
17:13 of 3rd period - Roland McKeown is hit by Austin Wuthrich and loses puck.
17:26 of 3rd period - Devin Shore is hit by Lawson Crouse and loses puck.
17:45 of 3rd period - Jack Roslovic is hit by Nolan Vesey and loses puck.
17:53 of 3rd period - Minor Penalty to Cameron Darcy for Holding.
17:54 of 3rd period - Devin Shore wins face-off versus Martin Hanzal in Rampage zone.
18:07 of 3rd period - Slapshot by Jujhar Khaira.
18:07 of 3rd period - Shot Misses the Net.
18:09 of 3rd period - Slapshot by Devin Shore.
18:09 of 3rd period - Shot Blocked by Martin Hanzal.
18:25 of 3rd period - Wrist shot by Petr Straka.
18:25 of 3rd period - Goal by Petr Straka - Rampage : 1 - Thunderbirds : 5.
18:26 of 3rd period - Devin Shore wins face-off versus Martin Hanzal in neutral zone.
18:30 of 3rd period - Off-side.
18:31 of 3rd period - Martin Hanzal wins face-off versus Devin Shore in neutral zone.
18:34 of 3rd period - Patrick Wey is hit by Martin Hanzal and loses puck.
18:39 of 3rd period - Snap shot by Blake Pietila.
18:39 of 3rd period - Stopped by Anders Nilsson without a rebound.
18:40 of 3rd period - Martin Hanzal wins face-off versus Devin Shore in Thunderbirds zone.
18:55 of 3rd period - Slapshot by Devin Shore.
18:55 of 3rd period - Goal by Devin Shore - Rampage : 1 - Thunderbirds : 6.
18:56 of 3rd period - Blake Pietila wins face-off versus Devin Shore in neutral zone.
19:05 of 3rd period - Slapshot by Petr Straka.
19:05 of 3rd period - Shot Misses the Net.
19:07 of 3rd period - Slapshot by Brandon Montour.
19:07 of 3rd period - Stopped by Laurent Brossoit without a rebound.
19:08 of 3rd period - Martin Hanzal wins face-off versus Petr Straka in Rampage zone.
19:16 of 3rd period - Icing by Damon Severson.
19:17 of 3rd period - Devin Shore wins face-off versus Martin Hanzal in Rampage zone.
19:21 of 3rd period - Icing by Michael Stone.
19:22 of 3rd period - Martin Hanzal wins face-off versus Jujhar Khaira in Rampage zone.
19:29 of 3rd period - Patrick Wey is hit by Martin Hanzal and loses puck.
19:34 of 3rd period - Snap shot by Martin Hanzal.
19:34 of 3rd period - Shot Misses the Net.
19:36 of 3rd period - Wrist shot by Blake Pietila.
19:36 of 3rd period - Shot Misses the Net.
19:38 of 3rd period - Snap shot by Martin Hanzal.
19:38 of 3rd period - Goal by Martin Hanzal - Rampage : 2 - Thunderbirds : 6.
19:39 of 3rd period - Martin Hanzal wins face-off versus Devin Shore in neutral zone.
19:42 of 3rd period - Slapshot by Damon Severson.
19:42 of 3rd period - Shot Blocked by Patrick Wey.
19:44 of 3rd period - Slapshot by Michael Stone.
19:44 of 3rd period - Stopped by Anders Nilsson without a rebound.
19:45 of 3rd period - Martin Hanzal wins face-off versus Devin Shore in Thunderbirds zone.
19:46 of 3rd period - Slapshot by Blake Pietila.
19:46 of 3rd period - Shot Misses the Net.
19:50 of 3rd period - Snap shot by Martin Hanzal.
19:50 of 3rd period - Deflect By Alexandre Grenier.
19:50 of 3rd period - Stopped by Anders Nilsson without a rebound.
19:51 of 3rd period - Martin Hanzal wins face-off versus Devin Shore in Thunderbirds zone.
Goals for this period are 2 for Rampage vs 3 for Thunderbirds.
Shots for this period are 11 for Rampage vs 11 for Thunderbirds.